 Dungeon Crawl Stone Soup version 0.18.1-50-g88ac8fd (webtiles) character file.

84 GreyTheWise the Sneak (level 4, -5/33 HPs)
             Began as a Vampire Assassin on Jan 15, 2017.
             Slain by an iron imp (9 damage)
             ... summoned by Natasha
             ... on level 2 of the Dungeon.
             The game lasted 00:09:54 (2764 turns).

GreyTheWise the Sneak (Vampire Assassin)            Turns: 2764, Time: 00:09:55

Health: -5/33      AC:  4    Str: 10    XL:     4   Next: 23%
Magic:  4/4        EV: 12    Int: 13    God:
Gold:   76         SH:  0    Dex: 16    Spells: 0 memorised, 3 levels left

rFire  . . .     SeeInvis +     a - +3 dagger
rCold  . . .     Gourm    .     m - +0 leather armour
rNeg   + . .     Faith    .     (no shield)
rPois  .         Spirit   .     (no helmet)
rElec  .         Dismiss  .     d - +0 cloak
rCorr  .         Reflect  .     (no gloves)
SustAt .         Harm     .     (no boots)
MR     .....                    (no amulet)
Stlth  ++++......               (no ring)
                                (no ring)

@: not resistant to hostile enchantments, stealthy
A: fangs 3, see invisible, unbreathing
a: Bat Form


You were on level 2 of the Dungeon.
You were not thirsty.

You visited 1 branch of the dungeon, and saw 2 of its levels.

You collected 76 gold pieces.

Inventory:

Hand Weapons
 a - a +3 dagger (weapon)
 b - a +0 blowgun
 j - a +0 hunting sling
Missiles
 e - 8 poisoned needles
 f - 2 curare-tipped needles
 k - 56 stones (quivered)
 o - 3 needles of confusion
Armour
 c - a +0 robe
 d - a +0 cloak (worn)
 m - a +0 leather armour (worn)
Jewellery
 r - an uncursed ring of protection from cold
Scrolls
 g - 2 scrolls of enchant weapon
 h - a scroll of random uselessness {unknown}
 i - a scroll of identify
 n - a scroll of enchant armour {unknown}
 s - a scroll of teleportation {unknown}
Potions
 l - 9 potions of blood
 p - a potion of mutation {unknown}
 q - a potion of lignification {unknown}


   Skills:
 + Level 2.2 Fighting
 + Level 2.5 Short Blades
 + Level 1.6 Throwing
 + Level 0.4 Armour
 + Level 2.2 Dodging
 + Level 7.3 Stealth


You had 3 spell levels left.
You didn't know any spells.

Dungeon Overview and Level Annotations

Branches:
Dungeon (2/15)

Altars:

Annotations:
D:2 Natasha


Innate Abilities, Weirdness & Mutations

You have razor-sharp teeth.
You have supernaturally acute eyesight.
You can survive without breathing.


Message History

You barely miss Natasha.
Natasha is heavily wounded.
Natasha misses you.
You closely miss Natasha.
Natasha is heavily wounded.
The crimson imp hits you. The iron imp closely misses you.
Natasha closely misses you.
You hit Natasha.
Natasha is heavily wounded.
The crimson imp closely misses you. The iron imp hits you.
* * * LOW HITPOINT WARNING * * *
Natasha casts a spell at you. You resist with some effort.
You closely miss Natasha.
Natasha is heavily wounded.
The crimson imp barely misses you. Natasha closely misses you.
You hit Natasha.
Natasha is almost dead.
The iron imp hits you!
You die...

# #####
#.##...##
###!#.@...#####
......5h5.......
####.#.....####.
# ##...###...
#.......>.
#...###...
############...#
.
#..............#
#.##########.#.#


You could see an iron imp, Natasha and a crimson imp.

Vanquished Creatures
  Natasha (D:2)
  An adder (D:2)
  An ooze (D:1)
  3 worms (D:2)
  A dart slug (D:1)
  3 giant geckos
  A giant cockroach (D:1)
  4 goblins
  5 hobgoblins
  A kobold (D:1)
  8 bats
  4 giant newts (D:1)
  3 rats
  5 bushes (D:1)
  5 plants (D:1)
46 creatures vanquished.

Vanquished Creatures (others)
  5 toadstools (D:1)
5 creatures vanquished.

Grand Total: 51 creatures vanquished

Notes
Turn   | Place    | Note
--------------------------------------------------------------
     0 | D:1      | GreyTheWise the Vampire Assassin began the quest for the Orb.
     0 | D:1      | Reached XP level 1. HP: 16/16 MP: 1/1
   335 | D:1      | Reached skill level 6 in Stealth
  1611 | D:1      | Reached XP level 2. HP: 15/22 MP: 2/2
  2170 | D:1      | Reached XP level 3. HP: 24/27 MP: 3/3
  2426 | D:2      | Noticed Natasha
  2433 | D:2      | Killed Natasha
  2433 | D:2      | Reached skill level 7 in Stealth
  2525 | D:2      | Noticed Natasha
  2537 | D:2      | Reached XP level 4. HP: 23/33 MP: 4/4
  2764 | D:2      | Slain by an iron imp

Skill      XL: |  1  2  3 |
---------------+----------+-----
Stealth        | 6 7 |  7.3
Fighting       | 2 |  2.2
Dodging        | 2 |  2.2
Short Blades   | |  2.5
Throwing       | |  1.6
Armour         | |  0.4

Action                   |  1- 3 |  4- 6 || total
-------------------------+-------+-------++-------
Melee: Dagger            |  1489 |    46 ||  1535
       Bite              |   292 |     5 ||   297
  Use: Potion            |     6 |     1 ||     7
       Scroll            |     2 |       ||     2
 Stab: Sleeping          |     8 |       ||     8
Armor: Robe              |    22 |       ||    22
       Leather armour    |    10 |    10 ||    20
Dodge: Dodged            |    81 |    44 ||   125
